 Dungeon Crawl Stone Soup version 0.28-a0-384-g9e0c098162 (webtiles) character file.

Game seed: 11167335130378098687

1373 Saint the Transmogrifier (level 8, -4/96 HPs)
             Began as a Naga Transmuter on Sept 2, 2021.
             Was an Initiate of Lugonu.
             Slain by a killer bee (5 damage)
             ... on level 6 of the Dungeon.
             The game lasted 00:16:24 (6924 turns).

Saint the Transmogrifier (Naga Transmuter)          Turns: 6924, Time: 00:16:25

Health: -4/96      AC: 24    Str: 12    XL:     8   Next: 66%
Magic:  0/20       EV:  1    Int: 17    God:    Lugonu [......]
Gold:   325        SH:  0    Dex: 11    Spells: 1/11 levels left

rFire   . . .      SeeInvis +     - Unarmed
rCold   . . .      Faith    .   (no shield)
rNeg    + + +      Spirit   +   (armour currently unavailable)
rPois   +          Reflect  .   (helmet currently unavailable)
rElec   .          Harm     .   (cloak currently unavailable)
rCorr   .          Rampage  .   (gloves currently unavailable)
Will    +....      NoTele   +   (no barding)
Stlth   +.........              w - amulet of guardian spirit
HPRegen 0.26/turn               E - +4 ring of evasion
MPRegen 0.17/turn               p - ring of magical power {MP+9}

@: brilliant, lethally poisoned (-4 -> -5), tree-form
A: stationary, stasis, torment immunity, boosted hp, AC +2, large, see
invisible, (deformed body), (poison resistance), (slowness 2), spit poison 1,
(naga tail 1)
a: Spit Poison, Renounce Religion


You were on level 6 of the Dungeon.
You worshipped Lugonu.
Lugonu was noncommittal.
You were a tree.
You visited 1 branch of the dungeon, and saw 6 of its levels.
You visited the Abyss 1 time.

You collected 325 gold pieces.

Inventory:

Hand Weapons
 k - a +0 short sword of draining
   (You took it off a kobold on level 2 of the Dungeon)
Missiles
 c - 43 sling bullets
 g - 72 arrows
 q - a throwing net {!d}
 r - 3 boomerangs
 s - 136 stones (quivered)
 v - 6 curare-tipped darts
Armour
 a - a +0 robe (melded)
 j - a scarf of harm
   (You found it on level 2 of the Dungeon)
 o - a +1 helmet
   (You found it on level 6 of the Dungeon)
 t - a +0 helmet (melded)
   (You found it on level 4 of the Dungeon)
Jewellery
 f - a ring of fire {rF+, rC-}
   (You found it on level 4 of the Dungeon)
 p - a ring of magical power (right branch) {MP+9}
   (You found it on level 3 of the Dungeon)
 w - an amulet of guardian spirit (around neck)
   (You took it off a kobold brigand on level 4 of the Dungeon)
 A - an amulet of faith
   (You found it on level 4 of the Dungeon)
 E - a +4 ring of evasion (left branch)
   (You found it on level 2 of the Dungeon)
 X - a ring of resist corrosion
   (You found it on level 5 of the Dungeon)
Scrolls
 d - 2 scrolls of fog {unknown}
 e - a scroll of vulnerability {unknown}
 h - 5 scrolls of identify {@r1}
 m - a scroll of amnesia {unknown}
 n - 2 scrolls of noise {unknown}
 u - 2 scrolls of fear {unknown}
 x - 2 scrolls of enchant armour {unknown}
 C - a scroll of summoning {unknown}
 Y - 3 scrolls of teleportation {@r3}
Potions
 H - a potion of haste
 L - a potion of flight


   Skills:
 - Level 1.0 Fighting
 - Level 1.5 Dodging
 - Level 3.0 Unarmed Combat
 - Level 2.0 Spellcasting
 + Level 9.8 Transmutations
 + Level 2.6 Ice Magic
 - Level 3.0 Poison Magic


You had one spell level left.
You knew the following spells:

 Your Spells              Type           Power      Damage    Failure   Level
a - Beastly Appendage     Tmut           100%       N/A       1%          1
b - Wereblood             Tmut           51%        N/A       1%          2
c - Spider Form           Tmut/Pois      17%        N/A       4%          3
d - Ice Form              Ice/Tmut       34%        N/A       16%         4

Your spell library contained the following spells:

 Spells                   Type           Power      Damage    Failure   Level
 Corona                   Hex            2%         N/A       19%         1
 Magic Dart               Conj           8%         1d3       19%         1
 Ensorcelled Hibernation  Hex/Ice        18%        N/A       17%         2
 Call Imp                 Summ           2%         N/A       28%         2
 Mephitic Cloud           Conj/Pois/Air  7%         N/A       36%         3
 Tukima's Dance           Hex            2%         N/A       50%         3


Dungeon Overview and Level Annotations

Branches:
Dungeon (6/15)
 Temple: D:4-7

Altars:
Gozag
Kikubaaqudgha
Trog

Annotations:
D:6 Blork the orc


Innate Abilities, Weirdness & Mutations

You are a tree.
Your roots penetrate the ground, keeping you stationary.
You cannot be teleported.
You are immune to unholy pain and torment.
Your maximum health is greatly increased.
Your equipment is partially melded.
((Your serpentine skin is tough. (AC +2)))
You have supernaturally acute eyesight. (SInv)
((Armour fits poorly on your strangely shaped body.))
((Your system is resistant to poisons. (rPois)))
((You cover ground very slowly.))
You can spit poison.
((You have a snake-like lower body.))


Message History

The killer bee moves out of view.
Unknown command.
Found a stone staircase leading down.
The iguana hisses angrily.
The iguana misses you.
Your magical contamination has completely faded away.
Unknown command.
You hit the iguana but do no damage.
The iguana is poisoned.
The iguana closely misses you.
You hit the iguana.
The iguana looks as sick as possible!
The iguana completely misses you.
It was a potion of flight.
You feel very buoyant.
You fly up into the air.
L - a potion of flight The iguana barely misses you.
You hit the iguana but do no damage. The iguana misses you.
You hit the iguana.
The iguana looks as sick as possible!
The iguana closely misses you.
You hit the iguana.
The iguana looks as sick as possible!
The iguana misses you.
A killer bee comes into view.
You hit the iguana but do no damage.
The iguana looks as sick as possible!
You kill the iguana!
Lugonu accepts your kill.
You barely miss the killer bee. The killer bee stings you.
The killer bee closely misses you.
You take 2 damage, and have 29/64 hp.
You now have 5/20 mp.
You bite the killer bee!
The killer bee is poisoned.
Your transformation is almost over.
The killer bee barely misses you. x2
You hit the killer bee.
The killer bee looks as sick as possible!
The killer bee barely misses you. The killer bee misses you.
You hit the killer bee but do no damage.
You kill the killer bee!
Lugonu accepts your kill. The killer bee stings you.
You are poisoned.
The killer bee poisons you!
You take 3 damage, and have 26/64 hp.
The killer bee buzzes angrily.
You hit the killer bee.
The killer bee is poisoned.
You feel very sick. The killer bee closely misses you.
The killer bee stings you.
* * * LOW HITPOINT WARNING * * *
You take 7 damage, and have 19/64 hp.
Okay, then.
As you read the scroll labelled BEIXECHOJAY, it crumbles to dust.
It is a scroll of identify.
l - a potion of haste;
H - a potion of haste You feel very sick.
The killer bee misses you. The killer bee closely misses you.
You take 3 damage, and have 16/64 hp.
You closely miss the killer bee.
You feel very sick.
You kill the killer bee!
Lugonu accepts your kill. The killer bee barely misses you.
You take 2 damage, and have 14/64 hp.
Unknown command.
You hit the killer bee.
You feel sick. The killer bee completely misses you. The killer bee misses you.
You take 2 damage, and have 12/64 hp.
Unknown command.
You barely miss the killer bee.
You feel sick. The killer bee closely misses you.
The killer bee completely misses you.
You take 2 damage, and have 10/64 hp.
You closely miss the killer bee.
You feel sick. The killer bee misses you. The killer bee completely misses you.
You take 1 damage, and have 9/64 hp.
Your transformation has ended.
Your +0 helmet unmelds from your body.
Your +0 robe unmelds from your body.
You feel sick. The killer bee stings you.
* * * LOW HITPOINT WARNING * * *
You take 4 damage, and have 5/64 hp.
You now have 5/20 mp.
Unknown command.
You turn into a venomous arachnid creature.
Your +0 helmet melds into your body.
Your +0 robe melds into your body.
You feel sick. The killer bee completely misses you. The killer bee stings you.
* * * LOW HITPOINT WARNING * * *
Unknown command.
You take 1 damage, and have 4/64 hp.
You now have 1/20 mp.
It was a potion of brilliance.
You feel clever all of a sudden.
* * * LOW HITPOINT WARNING * * *
You feel sick.
The killer bee stings you but does no damage.
The killer bee barely misses you. The killer bee misses you.
You take 1 damage, and have 3/64 hp.
Unknown command.
It was a potion of lignification.
Your transformation has ended.
Your +0 helmet unmelds from your body.
Your +0 robe unmelds from your body.
You turn into a tree.
Your +0 helmet melds into your body.
Your +0 robe melds into your body.
Your roots penetrate the ground.
You feel sick. The killer bee stings you.
* * * LOW HITPOINT WARNING * * *
The killer bee stings you.
You die...

......#..#..#.#
..............#
#............ #
#.o##.# #.
#.....#
#.###.######
#>....o......
#..o..#y#####
#+##.##♣#
#.Oy.# ######
#.## #.#|


You could see Blork the orc, an ogre and 2 killer bees.

Vanquished Creatures
  A centaur zombie (D:5)
  A sky beast (D:6)
  An ogre (D:5)
  A kobold brigand (D:4)
  A gnoll sergeant (D:5)
  2 scorpions
  A water moccasin zombie (D:5)
  2 killer bees (D:6)
  A gnoll shaman (D:6)
  2 orc priests (D:5)
  A jelly (D:5)
  2 iguanas
  3 orc wizards
  An adder (D:4)
  13 gnolls
  3 worms
  5 dart slugs
  13 orcs
  7 ball pythons
  3 bats
  8 endoplasms
  2 giant cockroaches
  7 goblins (D:1)
  13 hobgoblins
  4 quokkas
  3 frilled lizards
  10 kobolds
  A kobold zombie (D:6)
  8 rats
120 creatures vanquished.

Notes
Turn   | Place    | Note
-------+----------+-------------------------------------------
     0 | D:1      | Saint the Naga Transmuter began the quest for the Orb.
     0 | D:1      | Reached XP level 1. HP: 18/18 MP: 3/3
   382 | D:1      | Reached XP level 2. HP: 25/25 MP: 5/5
   392 | D:1      | Learned a level 2 spell: Wereblood
   410 | D:1      | Found a faded altar of an unknown god.
   421 | D:1      | Reached skill level 3 in Transmutations
   792 | D:1      | Reached XP level 3. HP: 17/31 MP: 6/6
   977 | D:1      | Learned a level 3 spell: Spider Form
  1176 | D:1      | Reached skill level 1 in Poison Magic
  2254 | D:2      | Reached XP level 4. HP: 36/38 MP: 5/7
  2422 | D:3      | Reached skill level 2 in Poison Magic
  2796 | D:3      | Reached skill level 4 in Transmutations
  2829 | D:3      | Reached skill level 3 in Poison Magic
  3084 | D:3      | Found a bloodstained altar of Trog.
  3100 | D:3      | Found an opulent altar of Gozag.
  3229 | D:3      | Reached XP level 5. HP: 44/44 MP: 8/8
  3659 | D:4      | Reached skill level 5 in Transmutations
  3970 | D:4      | Noticed a kobold brigand
  3988 | D:4      | HP: 11/44 [kobold brigand (1)]
  3989 | D:4      | Killed a kobold brigand
  3990 | D:4      | Reached XP level 6. HP: 17/51 MP: 2/9
  4503 | D:4      | Found an ancient bone altar of Kikubaaqudgha.
  4811 | D:5      | Entered Level 5 of the Dungeon
  4821 | D:5      | Reached skill level 6 in Transmutations
  4858 | D:5      | Reached skill level 7 in Transmutations
  4858 | D:5      | Reached XP level 7. HP: 28/57 MP: 7/10
  5143 | D:5      | Learned a level 4 spell: Ice Form
  5153 | D:5      | Reached skill level 8 in Transmutations
  5328 | D:5      | Cast into level 1 of the Abyss (orc wizard)
  5328 | Abyss:1  | Found a corrupted altar of Lugonu.
  5355 | Abyss:1  | Became a worshipper of Lugonu the Unformed
  5355 | Abyss:1  | Reached * piety under Lugonu
  5411 | D:5      | Escaped the Abyss
  5438 | D:5      | Reached XP level 8. HP: 47/64 MP: 11/11
  5764 | D:5      | Reached skill level 9 in Transmutations
  5862 | D:5      | HP: 16/64 [orc priest/divine providence (10)]
  6340 | D:6      | HP: 12/64 [gnoll (12)]
  6345 | D:6      | HP: 11/64 [gnoll (3)]
  6350 | D:6      | HP: 10/64 [gnoll (2)]
  6351 | D:6      | HP: 2/64 [gnoll (8)]
  6658 | D:6      | Reached skill level 1 in Ice Magic
  6700 | D:6      | Reached skill level 2 in Ice Magic
  6891 | D:6      | Noticed a two-headed ogre
  6894 | D:6      | Noticed Blork the orc
  6916 | D:6      | HP: 16/64 [poisoned by a killer bee]
  6921 | D:6      | HP: 7/64 [poisoned by a killer bee]
  6923 | D:6      | HP: 3/64 [poisoned by a killer bee]
  6924 | D:6      | HP: 1/96 [killer bee (3)]
  6924 | D:6      | Slain by a killer bee

Illustrated notes

Levels and vault maps discovered:
D:1:      mainiacjoe_arrival_reflecting_pool, layout_loops_corners,
          shapermc_ecumenical_altar_starsandcircs
D:2:      layout_rooms, minmay_pentomino_x2
D:3:      layout_loops_corners, mainiacjoe_overflow_swirl,
          minmay_misc_feat_secret_circle
D:4:      cheibrodos_thug_alley, layout_basic, amcnicky_altar_gilded,
          grunt_ministairs_13
D:5:      layout_basic
D:6:      cheibrodos_barr_body, layout_basic, nemelex_dance_club_becter,
          minmay_mini_ossuary, uniq_blork_the_orc

Skill      XL: |  1  2  3  4  5  6  7  8 |
---------------+-------------------------+-----
Transmutations | 3 4 5 7 8 9 |  9.8
Poison Magic   | 1 3 |  3.0
Ice Magic      | 2 |  2.6
Fighting       | |  1.0
Dodging        | |  1.5
Unarmed Combat | |  3.0
Spellcasting   | |  2.0

Action                   |  1- 3 |  4- 6 |  7- 9 || total
-------------------------+-------+-------+-------++-------
Melee: Unarmed           |    71 |   164 |   105 ||   340
       Punch             |     1 |       |       ||     1
       Headbutt          |     7 |     6 |     2 ||    15
Throw: Stone             |       |     3 |       ||     3
 Cast: Beastly Appendage |    16 |     8 |     1 ||    25
       Spider Form       |       |    11 |    14 ||    25
       Wereblood         |       |     7 |     5 ||    12
Invok: Depart the Abyss  |       |       |     1 ||     1
 Abil: Spit Poison       |    36 |    23 |     9 ||    68
  Use: Potion            |       |       |     6 ||     6
       Scroll            |       |       |     2 ||     2
Armor: Robe              |    10 |    27 |       ||    37
       Skin              |       |     4 |     2 ||     6
Dodge: Dodged            |    42 |   158 |   143 ||   343

Table legend: (Time is in decaauts)
 A = Elapsed time spent in this place.
 B = Non-inter-level travel time spent in this place.
 C = Inter-level travel time spent in this place.
 D = Time resting spent in this place.
 E = Time spent auto-exploring this place.
 F = Levels seen in this place.
 G = Mean time per level.
                   A        B        C        D        E       F      G
               +--------+--------+--------+--------+--------+-----+--------+
         Total |   8195 |   8059 |    136 |      0 |   6822 |   7 | 1170.7 |
       Dungeon |   8112 |   7976 |    136 |      0 |   6769 |   6 | 1352.0 |
         Abyss |     83 |     83 |      0 |      0 |     53 |   1 |   83.0 |
               +--------+--------+--------+--------+--------+-----+--------+

Top non-repeatable levels by time:
     D:1: 1693 daAuts
     D:5: 1669 daAuts
     D:4: 1510 daAuts
     D:3: 1501 daAuts
     D:2: 1120 daAuts
     D:6: 616 daAuts
 Abyss:1: 83 daAuts

Table legend:
 A = Kills in this place as a percentage of kills in entire the game.
 B = Kills by you in this place as a percentage of kills by you in the entire game.
 C = Kills by friends in this place as a percentage of kills by friends in the entire game.
 D = Other kills in this place as a percentage of other kills in the entire game.
 E = Experience gained in this place as a percentage of experience gained in the entire game.
 F = Experience gained in this place divided by the number of levels of this place that you have seen.
                   A       B       C       D       E      F
               +-------+-------+-------+-------+-------+----------------------
         Total | 100.0 | 100.0 |   N/A |   N/A | 100.0 | 280.3
       Dungeon | 100.0 | 100.0 |   N/A |   N/A | 100.0 | 327.0
               +-------+-------+-------+-------+-------+----------------------
